 Dungeon Crawl Stone Soup version 0.23.2-30-g0e89c35649 (webtiles) character file.

Game seed: 2209829721463470117

179 Mrkan the Poker (level 5, 0/45 HPs)
             Began as a Draconian Gladiator on June 23, 2019.
             Slain by a leopard gecko (3 damage)
             ... on level 6 of the Dungeon.
             The game lasted 00:04:34 (1893 turns).

Mrkan the Poker (Draconian Gladiator)               Turns: 1893, Time: 00:04:35

Health: 0/45       AC:  5    Str: 16    XL:     5   Next: 33%
Magic:  5/5        EV: 13    Int:  9    God:
Gold:   169        SH:  0    Dex: 13    Spells: 4/4 levels left

rFire    . . .     SeeInvis .   a - +0 trident
rCold    . . .     Gourm    .   (no shield)
rNeg     . . .     Faith    .   (armour unavailable)
rPois    .         Spirit   .   b - +0 hat
rElec    .         Reflect  .   (no cloak)
rCorr    .         Harm     .   (no gloves)
MR       .....                  (no boots)
Stlth    +.........             (no amulet)
HPRegen  0.15/turn              (no ring)
MPRegen  0.09/turn              (no ring)

@: no status effects
A: unfitting armour, cold-blooded, AC +5
a: no special abilities


You were on level 6 of the Dungeon.
You were not hungry.

You visited 1 branch of the dungeon, and saw 4 of its levels.

You collected 169 gold pieces.

Inventory:

Hand Weapons
 a - a +0 trident (weapon)
Missiles
 c - 3 throwing nets (quivered)
Armour
 b - a +0 hat (worn)
Scrolls
 e - 2 scrolls of identify {unknown}
 i - 3 scrolls of teleportation {unknown}
 l - 3 scrolls of remove curse {unknown}
Potions
 f - a potion of might {unknown}
 g - a potion of lignification {unknown}
 h - a potion of resistance {unknown}
 j - a potion of mutation {unknown}
 k - a potion of curing {unknown}
 m - a potion of berserk rage {unknown}
Comestibles
 d - 5 rations
 n - 9 chunks of flesh


   Skills:
 + Level 3.5 Fighting
 * Level 4.8 Polearms
 - Level 1.7 Throwing
 + Level 3.6 Dodging


You had 4 spell levels left.
You didn't know any spells.
Your spell library was empty.

Dungeon Overview and Level Annotations

Branches:
Dungeon (3/15)

Altars:


Innate Abilities, Weirdness & Mutations

Your plain brown scales are hard. (AC +5)
You cannot fit into any form of body armour.
You are cold-blooded and may be slowed by cold attacks.


Message History

The leopard gecko misses you.
An orc comes into view. It is wielding a +0 hand axe.
You puncture the iguana!
The iguana is moderately wounded.
The iguana bites you! The leopard gecko barely misses you.
The orc priest miscasts a cantrip.
You hit the iguana.
The iguana is heavily wounded.
The iguana bites you!
* * * LOW HITPOINT WARNING * * *
The leopard gecko barely misses you.
You puncture the iguana!
The iguana is severely wounded.
The iguana completely misses you. The leopard gecko closely misses you.
You hit the iguana.
You kill the iguana!
The leopard gecko bites you.
* * * LOW HITPOINT WARNING * * *
The leopard gecko bites you.
You die...

.. .. #. ##. ##########
gg #......?.. #.
#.........
#g##########.........
#ogol@†..............
#...##########.........
#.#. ########## .. #o
## #. .. #. #.


You could see an orc priest, 2 gnolls, an orc and a leopard gecko.

Vanquished Creatures
  An iguana (D:6)
  5 adders
  An ooze (D:2)
  A dart slug (D:3)
  A worm (D:2)
  2 leopard geckos
  6 orcs (D:3)
  11 bats
  3 giant cockroaches
  9 hobgoblins
  13 jackals
  5 kobolds
  2 quokkas
  3 frilled lizards
  10 goblins
  8 rats
81 creatures vanquished.

Notes
Turn   | Place    | Note
-------+----------+-------------------------------------------
     0 | D:1      | Mrkan the Draconian Gladiator began the quest for the Orb.
     0 | D:1      | Reached XP level 1. HP: 17/17 MP: 1/1
    70 | D:1      | Reached XP level 2. HP: 23/25 MP: 2/2
   394 | D:1      | Reached XP level 3. HP: 26/30 MP: 3/3
   715 | D:1      | Reached skill level 4 in Polearms
  1090 | D:2      | Reached XP level 4. HP: 21/38 MP: 4/4
  1742 | D:3      | Reached XP level 5. HP: 44/45 MP: 5/5
  1866 | D:3      | You fall through a shaft for 3 floors!
  1893 | D:6      | Slain by a leopard gecko

Skill      XL: |  1  2  3 |
---------------+----------+-----
Dodging        | 3 |  3.6
Polearms       | 4 |  4.8
Fighting       | 3 |  3.5
Throwing       | |  1.7

Action                   |  1- 3 |  4- 6 || total
-------------------------+-------+-------++-------
Melee: Trident           |   151 |   120 ||   271
       Tailslap          |     8 |    12 ||    20
  Eat: Chunk             |     1 |     3 ||     4
Armor: Skin              |    66 |    43 ||   109
Dodge: Dodged            |   133 |   142 ||   275
